 Dungeon Crawl Stone Soup version 0.31.0-32-g396128a36d (webtiles) character file.

Game seed: 1018996177208254812

37 Doomgape the Sneak (level 3, -1/18 HPs)
             Began as a Spriggan Brigand on Mar 27, 2024.
             Slain by Sigmund
             ... wielding a +0 scythe
              (7 damage)
             ... on level 2 of the Dungeon.
             The game lasted 00:03:55 (737 turns).

Doomgape the Sneak (Spriggan Brigand)                Turns: 737, Time: 00:03:56

Health: -1/18      AC:  3    Str:  7    XL:     3   Next: 21%
Magic:  4/4        EV: 17    Int: 12    God:
Gold:   120        SH:  0    Dex: 18    Spells: 2/2 levels left

rFire   . . .        a - +2 dagger (heavy)
rCold   . . .        (no shield)
rNeg    . . .        b - +0 robe
rPois   .            (helmet restricted)
rElec   .            c - +0 cloak
rCorr   .            (gloves unavailable)
SInv    +            (boots unavailable)
Will    +....        (no amulet)
Stlth   +            (no ring)
HPRegen 0.23/turn    (no ring)
MPRegen 0.09/turn

%: no passive effects
@: confused, enlightened, flying, very quick
A: very small, no large weapons, unfitting armour, see invisible, speed 3
a: no special abilities


You were on level 2 of the Dungeon.
You visited 1 branch of the dungeon, and saw 2 of its levels.

You collected 120 gold pieces.

Inventory:

Hand Weapons
 a - a +2 heavy dagger (weapon)
Missiles
 d - 8 poisoned darts (quivered)
 e - 3 curare-tipped darts
Armour
 b - a +0 robe (worn)
 c - a +0 cloak (worn)
Scrolls
 f - a scroll of identify {unknown}
 g - a scroll of teleportation
Potions
 j - a potion of mutation {unknown}


   Skills:
 - Level 1.5 Fighting
 + Level 2.7 Short Blades
 + Level 2.4 Throwing
 + Level 2.4 Dodging
 + Level 6.3 Stealth


You had 2 spell levels left.
You didn't know any spells.
Your spell library was empty.

Dungeon Overview and Level Annotations

Branches:
Dungeon (2/15)

Altars:

Annotations:
D:2 Sigmund


Innate Abilities, Weirdness & Mutations

You are very small and have problems with some larger weapons.
You are too small for most types of armour.
You have supernaturally acute eyesight. (SInv)
You cover ground extremely quickly. (Speed+++)


Message History

A rat comes into view.
Non-targeted confused throw: 9 darts (poison)
Press: ? - help, Q - select action, (/) - cycle Dir - look around, f - activate You throw a poisoned dart.
The rat squeaks loudly.
Unknown command.
You bump into the rock wall.
The rat twitches its whiskers.
Sigmund points at you and mumbles some strange words.
You are more confused.
Sigmund casts a spell at you. The puff of flame hits you.
You bump into the rock wall.
Sigmund gestures at you while chanting. The magic dart hits you.
Unknown command.
You bump into the rock wall.
Sigmund says, "Look into my eyes."
Sigmund points at you and mumbles some strange words.
You are more confused.
You bump into the rock wall.
You bump into the rock wall.
Sigmund points at you and mumbles some strange words.
The magic dart hits you.
* * * LOW HITPOINT WARNING * * *
You bump into the rock wall.
It was a potion of enlightenment.
You feel very buoyant.
You fly up into the air.
Unknown command.
You bump into the rock wall.
Sigmund closely misses you.
The rat twitches its whiskers.
The rat completely misses you.
You bump into the rock wall.
Sigmund looks more healthy.
The rat closely misses you.
You hit the rat.
You kill the rat!
Sigmund hits you from afar with a +0 scythe!
You die...
Sigmund begins carving another notch in his scythe.

#...# #. ###.# #.#
#.# #.# #.# #.#
#.# #.# #.# ####
##.## #.#
....##...#####.#
##........@(...#
###...##..@#######
(((....$..##
###.(.##### ##. #


You could see Sigmund (invisible).

Vanquished Creatures
  3 dart slugs
  3 endoplasms
  A giant cockroach (D:1)
  3 goblins (D:1)
  3 hobgoblins (D:1)
  3 quokkas (D:1)
  3 ball pythons (D:1)
  4 bats
  A kobold (D:2)
  7 rats
31 creatures vanquished.

Notes
Turn   | Place    | Note
-------+----------+-------------------------------------------
     0 | D:1      | Doomgape the Spriggan Brigand began the quest for the Orb.
     0 | D:1      | Reached XP level 1. HP: 10/10 MP: 2/2
    97 | D:1      | Reached skill level 6 in Stealth
   112 | D:1      | Reached XP level 2. HP: 14/14 MP: 3/3
   168 | D:1      | Found a faded altar of an unknown god.
   549 | D:2      | Reached XP level 3. HP: 18/18 MP: 4/4
   715 | D:2      | Noticed Sigmund
   737 | D:2      | Slain by Sigmund

Illustrated notes

Levels and vault maps discovered:
D:1:      dpeg_arrival_oval, layout_rooms,
          shapermc_ecumenical_altar_totnotflames, dk_noncrumbling_3,
          minmay_tromino_v4_b
D:2:      layout_loops_ring, uniq_sigmund

Skill      XL: |  1  2 |
---------------+-------+-----
Stealth        | 6 |  6.3
Dodging        | 2 |  2.4
Fighting       | |  1.5
Short Blades   | |  2.7
Throwing       | |  2.4

Action                     || total
---------------------------++-------
  Melee: Dagger            ||    57
  Throw: Dart              ||    11
    Use: Scroll            ||     3
         Potion            ||     1
   Stab: Sleeping          ||    14
 Armour: Robe              ||    10
  Dodge: Dodged            ||    34
